AoeStats
← nnn_0

Glade

510344675Analyzed
1v1 RM · 2d ago on Sep 30, 2026· 24m 22s· 2 players
Game mode
Random Map
Map size
Tiny (2 player)
Population
200
Speed
Normal
Resources
Standard
Victory
Conquest
Starting age
Dark Age
Ending age
Imperial Age
RankedLock teamsTeams togetherTeam positionsShared explorationLock speedFull tech treeHidden civsTurbo modeCheats
Victory
Defeat
🇨🇳 Britons · China
758
+14
🇩🇪 Varangians · Germany
719
-14
nnn_0
6:06 Loom
10:43 Feudal Age
11:35 Double-Bit Axe
13:26 Horse Collar
16:15 Wheelbarrow
17:51 Fletching
20:42 Stone Mining
25:43 Castle Age
爷傲灬耐我何
7:19 Loom
9:36 Feudal Age
10:19 Double-Bit Axe
13:33 Horse Collar
13:50 Fletching
22:50 Castle Age
22:17 Padded Archer Armor
22:11 Gold Mining
22:57 Crossbowman
23:39 Bodkin Arrow
Connection lost

Rejoining the realm…

Still unreachable

The connection could not be restored.

Session expired

The server has moved on; the page needs a fresh start.